 Dungeon Sprint DCSS version 0.30.1-9-gdf580d7c3d (webtiles) character file.

Game seed: 4725958707477695279

100 Heoruswealwe the Poker (level 4, 0/45 HPs)
             Began as a Minotaur Fighter on Oct 14, 2023.
             Slain by an ogre
             ... wielding a +0 giant club
              (22 damage)
             ... in the Dungeon (Sprint IX: "|||||||||||||||||||||||||||||").
             The game lasted 00:00:51 (57 turns).

Heoruswealwe the Poker (Minotaur Fighter)             Turns: 57, Time: 00:00:53

Health: 0/45       AC:  7    Str: 23    XL:     4   Next: 46%
Magic:  3/3        EV:  9    Int:  5    God:
Gold:   0          SH:  4    Dex:  9    Spells: 3/3 levels left

rFire   . . .        a - +0 trident
rCold   . . .        d - +0 buckler
rNeg    . . .        c - +0 scale mail
rPois   .            (helmet restricted)
rElec   .            (no cloak)
rCorr   .            (no gloves)
SInv    .            (no boots)
Will    .....        (no amulet) Stlth
                     (no ring)
HPRegen 0.27/turn    (no ring)
MPRegen 0.08/turn

%: no teleportation
@: no status effects
A: horns 2, retaliatory headbutt
a: no special abilities


You were in the Dungeon.
You visited 1 branch

Inventory:

Hand Weapons
 a - a +0 trident (weapon)
Armour
 c - a +0 scale mail (worn)
 d - a +0 buckler (worn)
Scrolls
 j - a scroll of blinking
Potions
 b - a potion of might
 e - a potion of curing
 g - a potion of haste
 i - a potion of berserk rage


   Skills:
 + Level 6.4 Fighting
 * Level 7.9 Polearms
 + Level 6.4 Armour
 - Level 3.6 Shields


You had 3 spell levels left.
You didn't know any spells.
Your spell library was empty.

Dungeon Overview and Level Annotations

Branches:
Dungeon (1/1)

Altars:


Innate Abilities, Weirdness & Mutations

You have a pair of horns on your head.
You reflexively headbutt those who attack you in melee.


Message History

The gnoll bouda hits you with a +0 whip!
You hit the gnoll bouda.
You kill the gnoll bouda!
Your Fighting skill increases to level 5!
Your Polearms skill gained 2 levels and is now at level 5!
Your Armour skill increases to level 5!
You have reached level 2!
You have reached level 3!
Your experience leads to an increase in your attributes!
Increase (S)trength, (I)ntelligence, or (D)exterity?
You feel stronger. x2
You closely miss the howler monkey. The howler monkey hits you.
You barely miss the howler monkey.
The howler monkey hoots and howls with incredible vigour!
You closely miss the howler monkey. The howler monkey barely misses you.
You furiously retaliate!
You headbutt the howler monkey.
The howler monkey hits you but does no damage.
You barely miss the howler monkey. You headbutt the howler monkey!
The howler monkey is severely wounded.
Your attacks no longer feel as feeble.
The howler monkey hits you.
You hit the howler monkey.
The howler monkey is severely wounded.
You block the howler monkey's attack.
You puncture the howler monkey!
You kill the howler monkey!
Your Polearms skill gained 2 levels and is now at level 7!
You have reached level 4!
You feel stronger.
You hit the jelly.
Your hands burn!
You headbutt the jelly!
You kill the jelly!
Your Fighting skill increases to level 6!
Your Armour skill increases to level 6!
Reach: a) +0 trident
Press: ? - help, Dir - move target, f - ogre
Aim: an ogre, wielding a +0 giant club (about 25% to evade your +0 trident)
You reach to attack!
You hit the ogre.
The ogre is lightly wounded.
The ogre hits you with a +0 giant club!!
You die... ▓▓▓▓▓▓▓▓▓▓▓▓▓▓▓▓▓▓ ▓<.!.)....@Oh....+ ▓▓▓▓▓▓▓▓▓▓▓▓▓▓▓▓▓▓

You could see an ogre and a jackal.

Vanquished Creatures
  A howler monkey (D)
  A jelly (D)
  A gnoll bouda (D)
  A ball python (D)
  2 bats (D)
  An endoplasm (D)
  A goblin (D)
8 creatures vanquished.

Notes
Turn   | Place    | Note
-------+----------+-------------------------------------------
     0 | D        | Heoruswealwe the Minotaur Fighter began the quest for the
                  | Orb.
     0 | D        | Reached XP level 1. HP: 19/19 MP: 0/0
     7 | D        | Reached skill level 3 in Polearms
    28 | D        | Noticed a gnoll bouda
    28 | D        | Noticed a howler monkey
    28 | D        | Noticed a jelly
    28 | D        | Noticed an ogre
    40 | D        | HP: 1/20 [gnoll bouda/+0 whip (6)]
    48 | D        | Killed a gnoll bouda
    49 | D        | Reached skill level 5 in Fighting
    49 | D        | Reached skill level 5 in Polearms
    49 | D        | Reached skill level 5 in Armour
    49 | D        | Reached XP level 2. HP: 19/29 MP: 1/1
    49 | D        | Reached XP level 3. HP: 23/36 MP: 2/2
    55 | D        | Reached skill level 7 in Polearms
    55 | D        | Reached XP level 4. HP: 23/44 MP: 3/3
    57 | D        | Slain by an ogre

Illustrated notes

Levels and vault maps discovered:
D:        linesprint [early_d, line_temple, items_1, d_10, items_2, lair_1,
          lair_end, items_3, orc_1, orc_end, items_4, d_15, swamp_1, shoals_1,
          snake_1, spider_1, d_20, vaults_1, items_5, swamp_end, shoals_end,
          snake_end, spider_end, vaults_end, d_27, items_6, zot_1, zot_end,
          crypt_end, forest_end, elf_end, slime_end, tomb_end, abyss_end,
          pan_hell_end]

Skill      XL: |  1  2  3  4 |
---------------+-------------+-----
Polearms       | 5 7 |  7.9
Fighting       | 5 6 |  6.4
Armour         | 5 6 |  6.4
Shields        | |  3.6

Action                     |  1- 3 |  4- 6 || total
---------------------------+-------+-------++-------
  Melee: Trident           |    38 |     2 ||    40
         Headbutt          |     6 |     1 ||     7
    Use: Potion            |     1 |       ||     1
 Armour: Scale mail        |    11 |       ||    11
  Dodge: Dodged            |    15 |       ||    15
  Block: Buckler           |    10 |       ||    10
